[Event "Early-Titled-Tuesday-Blitz-July-09-2024"]
[Site "Chess.com"]
[Date "2024.07.09"]
[Round "6"]
[White "cmunda"]
[Black "DanLowinger"]
[Result "0-1"]
[WhiteElo "2102"]
[BlackElo "2418"]
[TimeControl "180+1"]
[EndTime "9:09:11 PDT"]
[Termination "DanLowinger won by resignation"]

1. e4 c5 2. c3 Nf6 3. e5 Nd5 4. d4 cxd4 5. Nf3 d6 6. cxd4 Nc6 7. exd6 e6 8. Nc3 Nxc3 9. bxc3 Bxd6 10. Bd3 b6 11. O-O Bb7 12. Re1 Ne7 13. Ne5 O-O 14.
Qh5 f5 15. Re3 Nd5 16. Rh3 Nf6 17. Qh4 Rc8 18. Bg5 Bxe5 19. dxe5 Qd5 20. Bf1 Qxe5 21.
Bxf6 Qxf6 22. Qxh7+ Kf7 23. Rd1 Bc6 24. Rd6 Ke7 25. Rdd3 Rfd8 26. Rhg3 Kf7 27. Rxd8 Rxd8 28. Be2 Be4 29. Bh5+ Kf8 30. Qh8+ Ke7 31. Rxg7+ Kd6 32.
Qxd8+ Qxd8 33. h3 Ke5 34. g3 Kf6 35. Rg6+ Ke5 36. f4+ Kd6 37. Rg7 Kc5 38. Rxa7 Qd2 39. Rc7+ Kd6 40. Bf3 Qe3+ 0-1

[Event "Early-Titled-Tuesday-Blitz-July-09-2024"]
[Site "Chess.com"]
[Date "2024.07.09"]
[Round "6"]
[White "Yaacovn"]
[Black "TigrVShlyape"]
[Result "1/2-1/2"]
[WhiteElo "2792"]
[BlackElo "2981"]
[TimeControl "180+1"]
[EndTime "9:09:14 PDT"]
[Termination "Game drawn - insufficient material"]

1. d4 d5 2. Nf3 Nf6 3. c3 c6 4. Bf4 Bf5 5. Qb3 Qb6 6. Nbd2 e6 7. e3 Nbd7 8. Be2 a5 9. Ne5 h5 10. Ndf3 Be7 11. Ng5 Qxb3 12. axb3 Nxe5 13. Bxe5 Nd7 14.
Nf3 Nxe5 15. Nxe5 f6 16. Nd3 Kd7 17. Kd2 h4 18. h3 g5 19. Ra2 Ra7 20. Rha1 Rha8 21.
b4 b6 22. bxa5 Rxa5 23. Rxa5 Rxa5 24. Rxa5 bxa5 25. Nc1 Kc7 26. Bd3 Bxd3 27. Kxd3 Kb6 28. b3 f5 29. Ne2 Kb5 30. g3 g4 31. Ng1 a4 32. bxa4+ Kxa4 33. c4 Kb4 34. cxd5 cxd5 35. Ke2 Kb5 36. Kf1 Kc6 37. hxg4 fxg4 38. gxh4 Bxh4 39. Ne2 Kd6 40. Kg2 e5 41. dxe5+ Kxe5 42. Nf4 Bg5 43. Nd3+ Ke4 44. Nc5+ Kf5 45. Nd3 Ke4 46.
Nc5+ Kf5 47. Kg3 Be7 48. Nd3 Bd6+ 49. Kg2 Ke4 50. Ne1 d4 51. exd4 Kxd4 52. f3 gxf3+ 53.
Kxf3 1/2-1/2

[Event "Early-Titled-Tuesday-Blitz-July-09-2024"]
[Site "Chess.com"]
[Date "2024.07.09"]
[Round "6"]
[White "kyawmyataung2005"]
[Black "Navyblue1"]
[Result "1-0"]
[WhiteElo "2337"]
[BlackElo "2121"]
[TimeControl "180+1"]
[EndTime "9:09:14 PDT"]
[Termination "kyawmyataung2005 won on time"]

1. e4 c5 2. Nf3 d6 3. d4 cxd4 4. Nxd4 Nf6 5. Nc3 a6 6. Be2 e5 7. Nb3 Be7 8. O-O Be6 9. a4 O-O 10. Be3 Nbd7 11. a5 Rc8 12. f3 Nc5 13. Nxc5 dxc5 14.
Qe1 Nd7 15. Qg3 Kh8 16. Qf2 c4 17. Rfd1 Qc7 18. Nd5 Bxd5 19. Rxd5 Nf6 20. Rdd1 Bc5 21. Ra4 Bxe3 22. Qxe3 c3 23. b3 h6 24. Rda1 Qd6 25.
Rd1 Qc5 26. Kf2 Qxe3+ 27. Kxe3 Rc5 28. Bc4 g6 29. Rd3 Ne8 30. Bd5 Nd6 31. g3 Kg7 32. f4 f6 33. Ra3 Rfc8 34. b4 Nb5 35. bxc5 Nxa3 36. Bxb7 Rc7 37. Bxa6 Rxc5 38. Rd7+ Kf8 39. Bd3 Rxa5 40. Rh7 h5 41. f5 gxf5 42. exf5 Nb5 43. Rxh5 Kg7 44. Rh4 Nd4 45. Rg4+ Kf8 46. Rg6 1-0

[Event "Early-Titled-Tuesday-Blitz-July-09-2024"]
[Site "Chess.com"]
[Date "2024.07.09"]
[Round "6"]
[White "arctic_t00"]
[Black "Zhigalko_Sergei"]
[Result "0-1"]
[WhiteElo "2662"]
[BlackElo "2935"]
[TimeControl "180+1"]
[EndTime "9:09:15 PDT"]
[Termination "Zhigalko_Sergei won by resignation"]

1. Nf3 d5 2. g3 c6 3. Bg2 Bg4 4. h3 Bh5 5. c4 e6 6. O-O Nf6 7. d3 Be7 8. Qb3 Qb6 9. Be3 Qa6 10. Nc3 O-O 11. Rac1 Nbd7 12. cxd5 Nxd5 13. Nxd5 exd5 14.
a3 Rfe8 15. Rfe1 Bd6 16. g4 Bg6 17. Nh4 Re6 18. Nxg6 hxg6 19. Bd4 Rae8 20. Be3 Rxe3 21. fxe3 Rxe3 22. Rf1 Rxe2 23. Rce1 Nc5 24. Qd1 Rxe1 25. Qxe1 Ne6 26. Qe2 Qb6+ 27. Kh1 Qd4 28. Qf2 Qe5 29. Bf3 Nf4 30. d4 Qf6 31. Bg2 Qg5 32. Qf3 Qe7 33.
Qf2 Ne6 34. b4 Bb8 35. Bf3 a6 36. Re1 Qf6 37. Rf1 Ba7 38. Qg2 Qe7 39. g5 Nxg5 40.
Bg4 Ne4 41. Qf3 Bxd4 42. Bc8 f5 43. Qg2 Qc7 44. Qxg6 Qxc8 45. Rxf5 Qxf5 0-1

[Event "Early-Titled-Tuesday-Blitz-July-09-2024"]
[Site "Chess.com"]
[Date "2024.07.09"]
[Round "6"]
[White "AGW2016"]
[Black "Didici"]
[Result "0-1"]
[WhiteElo "2579"]
[BlackElo "2755"]
[TimeControl "180+1"]
[EndTime "9:09:15 PDT"]
[Termination "Didici won by resignation"]

1. d4 Nf6 2. Nf3 c5 3. c3 d5 4. Bf4 Nc6 5. e3 Bg4 6. Nbd2 e6 7. Qb3 Qc8 8. h3 Bh5 9. Nh4 Be7 10. g4 Nd7 11.
Ndf3 Bg6 12. Nxg6 hxg6 13. Bg2 c4 14. Qc2 f5 15. g5 b5 16. h4 a5 17. Nd2 b4 18. Qa4 Kf7 19. Nxc4 bxc3 20. bxc3 Ncb8 21. Nd2 Qxc3 22. Ke2 Qb4 23. Qc2 Qb5+ 24. Kf3 Nc6 25. Rab1 Nb4 26. a3 Nxc2 27. Rxb5 Rhc8 28. Rb7 Ke8 29.
h5 gxh5 30. Rxh5 Bxa3 31. Rh7 Bf8 32. Kg3 Nb4 33. Bf1 a4 34. Bb5 Nc6 35. Nf3 a3 36. Ne5 Ndxe5 37. Bxe5 a2 38. Bxg7 a1=Q 39. Bxf8 Qg1+ 40. Kh3 Qh1+ 41. Kg3 Qxh7 42. Rxh7 Kxf8 43. Rh8+ Kg7 44. Bxc6 Rxh8 45. Bxa8 Rxa8 0-1

[Event "Early-Titled-Tuesday-Blitz-July-09-2024"]
[Site "Chess.com"]
[Date "2024.07.09"]
[Round "6"]
[White "ArmanGhevondyanchess"]
[Black "Viacheslav92"]
[Result "1/2-1/2"]
[WhiteElo "2741"]
[BlackElo "2585"]
[TimeControl "180+1"]
[EndTime "9:09:16 PDT"]
[Termination "Game drawn by agreement"]

1. Nf3 Nf6 2. d4 e6 3. g3 d5 4. Bg2 Be7 5. O-O O-O 6. c4 dxc4 7. Ne5 Nc6 8. Bxc6 bxc6 9. Nxc6 Qe8 10. Nxe7+ Qxe7 11. Qa4 e5 12. dxe5 Qxe5 13. Qxc4 Be6 14. Qc2 Bf5 15.
Qc4 Be6 16. Qc2 Bf5 17. Qd2 Rfe8 18. Nc3 Ne4 19. Nxe4 Qxe4 20. Qf4 Qxf4 21. Bxf4 Rxe2 22. b3 c6 23. Rfc1 Rc2 24. Rxc2 Bxc2 25. f3 Bf5 26. Rc1 Bd7 27. Kf2 a5 28. Rc4 f6 29. Bd2 Kf7 30. Ra4 Bf5 31. Rxa5 Rxa5 32. Bxa5 Bb1 33. a3 Ba2 34. b4 Ke6 35. Bb6 Bb3 36. Ke3 Kd5 37. Bc5 Ba4 38. Bf8 g6 39. Bg7 f5 40.
Kf4 Ke6 41. Kg5 Kf7 42. Bd4 Bb3 43. h4 Bd1 44. Kf4 Ke6 45. Be3 Bc2 46. Kg5 Kf7 47.
Kh6 Kg8 48. h5 gxh5 49. Kxh5 Bd1 50. Kg5 Bxf3 51. a4 Kf7 52. Kxf5 Ke7 53. Ke5 Kd7 54. Bb6 Kc8 55. Kd6 Kb7 56. Be3 Bd1 57.
b5 cxb5 58. axb5 Be2 59. b6 Bd1 60. Ke5 Bc2 61. Kf4 Bb1 62. g4 Bg6 63. Bd4 Bb1 64.
Ke3 Bg6 65. g5 Bb1 66. Kd2 Bg6 67. Kd1 Bf5 68. Bf6 Bg6 69. Kc1 Kxb6 70. Bd8+ Kc6 71. Bf6 Kd5 72. Kd2 Ke6 1/2-1/2

[Event "Early-Titled-Tuesday-Blitz-July-09-2024"]
[Site "Chess.com"]
[Date "2024.07.09"]
[Round "6"]
[White "biveklama"]
[Black "Zheenbekov86"]
[Result "0-1"]
[WhiteElo "2666"]
[BlackElo "2491"]
[TimeControl "180+1"]
[EndTime "9:09:16 PDT"]
[Termination "Zheenbekov86 won by checkmate"]

1. e4 c6 2. d3 d5 3. Nd2 e5 4.
Ngf3 Bd6 5. d4 exd4 6. exd5 cxd5 7. Nxd4 Nc6 8. N2b3 Nf6 9. Be2 O-O 10. O-O h6 11.
Be3 a6 12. Nxc6 bxc6 13. Bc5 Bxc5 14. Nxc5 Qb6 15. Qd4 a5 16. Rfe1 Bf5 17. Nb3 Qb7 18. Bd3 Be4 19. Nc5 Qb6 20. Ne6 Qxd4 21. Nxd4 c5 22. Nb5 Bxd3 23. cxd3 a4 24. Rac1 Rfc8 25.
Re7 Rab8 26. Na7 Re8 27. Rxe8+ Nxe8 28. Rc2 Nd6 29. g3 Rb6 30. Rxc5 Rxb2 31. Rxd5 Ne8 32. Nb5 Nf6 33. Rd8+ Kh7 34. Nc3 a3 35. Ra8 Ng4 36.
Rxa3 Nxf2 37. Ne4 Nh3+ 38. Kh1 f5 39. Nd6 g5 40. Nxf5 g4 41. Ra7+ Kg6 42. Nh4+ Kf6 43. Ra6+ Ke5 44. Ng6+ Kd4 45. Rd6+ Kc5 46. Rf6 Rb1+ 47.
Kg2 Rg1# 0-1

[Event "Early-Titled-Tuesday-Blitz-July-09-2024"]
[Site "Chess.com"]
[Date "2024.07.09"]
[Round "6"]
[White "tgpgoat"]
[Black "tylityli"]
[Result "1-0"]
[WhiteElo "2524"]
[BlackElo "2388"]
[TimeControl "180+1"]
[EndTime "9:09:17 PDT"]
[Termination "tgpgoat won on time"]

1. Nf3 Nf6 2. d4 d5 3. Bg5 Ne4 4. Bf4 a6 5. Nbd2 Nf6 6. e3 c5 7. h3 h6 8. c3 cxd4 9. exd4 Bf5 10. Be2 e6 11. O-O Bd6 12. Ne5 O-O 13. Ndf3 Nc6 14.
Bd3 Be4 15. Nxc6 bxc6 16. Ne5 Qc7 17. Qe2 a5 18. Rac1 a4 19. c4 Bxd3 20. Qxd3 Bxe5 21. Bxe5 Qe7 22. cxd5 cxd5 23. Rc7 Qd8 24. Rfc1 Ne4 25. Qb5 Qg5 26. Qe2 Qd2 27. Qxd2 Nxd2 28. R1c6 Nc4 29.
b3 axb3 30. axb3 Nxe5 31. dxe5 Ra1+ 32. Kh2 Rb1 33. Rc3 Rb8 34. Ra7 R1xb3 35. Rcc7 Rf8 36. f4 Re3 37. Rd7 Re4 38. Kg3 Re3+ 39. Kf2 Re4 40. Kf3 Re1 41. g3 Rf1+ 42. Kg4 Rf2 43. h4 g6 44. h5 Kg7 45. Ra6 Re8 46. Raa7 Rf8 47. Re7 Rh2 48. Rxe6 Rxh5 49. Rd6 Kg8 50. Rxd5 Rh1 51.
Rdd7 Rf1 52. e6 1-0

[Event "Early-Titled-Tuesday-Blitz-July-09-2024"]
[Site "Chess.com"]
[Date "2024.07.09"]
[Round "6"]
[White "guillembaches"]
[Black "tptagain"]
[Result "0-1"]
[WhiteElo "2560"]
[BlackElo "3050"]
[TimeControl "180+1"]
[EndTime "9:09:20 PDT"]
[Termination "tptagain won on time"]

1. e4 c5 2. Nf3 Nc6 3. d4 cxd4 4.
Nxd4 e5 5. Nb5 d6 6. N1c3 a6 7. Na3 Be6 8. Be3 Rb8 9. Nd5 Bxd5 10. exd5 Nce7 11. c4 Nf5 12. Bd2 g6 13. Bd3 Nd4 14.
Nc2 Nxc2+ 15. Qxc2 Bh6 16. Bb4 Nf6 17. O-O O-O 18.
a4 a5 19. Ba3 b6 20. b4 Ra8 21.
Rfd1 Qc7 22. Qb3 Nd7 23. Bf1 axb4 24. Bxb4 Nc5 25. Qh3 Bg7 26. Ra3 f5 27. Bxc5 Qxc5 28. Rb1 e4 29. Rab3 Bd4 30. Qh4 Qc7 31. Kh1 Rxa4 32. Rh3 Ra2 33. Rd1 Bxf2 34. Qh6 Qg7 35. Qf4 Bc5 36. Rb1 Rfa8 37. Rhb3 Ra1 38. h3 Qd4 39.
Kh2 Rxb1 40. Rxb1 Qg1+ 41. Kg3 Ra3+ 42. Kh4 Bf2+ 43. Kg5 Be3 44. Kf6 Bxf4 45. Rxb6 Be5+ 46. Ke7 Qxb6 47. Ke8 Ra7 0-1

[Event "Early-Titled-Tuesday-Blitz-July-09-2024"]
[Site "Chess.com"]
[Date "2024.07.09"]
[Round "6"]
[White "Makswolf200817"]
[Black "FormerProdigy"]
[Result "1/2-1/2"]
[WhiteElo "2772"]
[BlackElo "2976"]
[TimeControl "180+1"]
[EndTime "9:09:21 PDT"]
[Termination "Game drawn by repetition"]

1. d4 Nf6 2. c4 e6 3. g3 Bb4+ 4.
Bd2 a5 5. Bg2 d5 6. Nf3 dxc4 7.
Qc2 b5 8. a4 c6 9. axb5 Bxd2+ 10. Qxd2 cxb5 11. Qg5 O-O 12. Qxb5 Ba6 13. Qa4 Qb6 14. O-O Qxb2 15. Nbd2 Bb5 16. Nxc4 Bxa4 17. Nxb2 Bb5 18. Ne5 Ra6 19. Nbd3 Nbd7 20. Rfb1 Nxe5 21. Rxb5 Nxd3 22. exd3 Rd8 23. Raxa5 Rad6 24. Rb4 g6 25. Raa4 Kg7 26. Bf3 g5 27. h3 h6 28. Kg2 R6d7 29.
Rc4 Rb8 30. Rab4 Rbd8 31. Bc6 Ra7 32. Be4 Rdd7 33. Ra4 Rxa4 34. Rxa4 Nd5 35. Bxd5 Rxd5 36. Kf3 h5 37. Ke3 Kg6 38. Rc4 Ra5 39. Rc5 Ra1 40. d5 exd5 41. Rxd5 Rh1 42. Kf3 f6 43. Kg2 Rd1 44.
Kf3 Rh1 45. h4 gxh4 46. Kg2 Ra1 47. gxh4 Ra4 48. d4 Ra3 49. f3 Rd3 50. Kg3 Rd1 51.
Rd8 Kf5 52. Rd5+ Kg6 53. Kf4 Rh1 54. Kg3 Rg1+ 55. Kf4 Rh1 56. Kg3 Rg1+ 57. Kf4 Rh1 1/2-1/2

[Event "Early-Titled-Tuesday-Blitz-July-09-2024"]
[Site "Chess.com"]
[Date "2024.07.09"]
[Round "6"]
[White "Mattheii"]
[Black "Witik"]
[Result "1/2-1/2"]
[WhiteElo "2479"]
[BlackElo "2675"]
[TimeControl "180+1"]
[EndTime "9:09:21 PDT"]
[Termination "Game drawn by agreement"]

1. c4 c6 2. d4 d5 3. Nf3 Nf6 4. Nc3 e6 5. Bg5 h6 6. Bxf6 Qxf6 7. e3 Nd7 8. cxd5 exd5 9. Bd3 Bb4 10. O-O O-O 11. Qc2 Re8 12. a3 Bf8 13. b4 g6 14. b5 Bd6 15. bxc6 bxc6 16. e4 Qg7 17. exd5 cxd5 18. Nb5 Bf4 19. Nc7 Bxc7 20. Qxc7 Nb6 21.
Rfe1 Be6 22. Ne5 Nc4 23. a4 a5 24. Rac1 Rec8 25. Qe7 Re8 26. Qc5 Rac8 27. Qa7 Qf6 28. Bxc4 dxc4 29. Qxa5 Ra8 30. Qb5 Reb8 31. Qc6 Rc8 32.
Qb6 Qg5 33. Nf3 Qa5 34. Qxa5 Rxa5 35. Ra1 Bd5 36. Ne5 Rca8 37. Nd7 Kg7 38. Nb6 R8a6 39. Nxd5 Rxd5 40. Rec1 Rxd4 41. g3 h5 42. Rc3 g5 43. a5 g4 44. Ra4 Kg6 45. Raxc4 Rxc4 46. Rxc4 Rxa5 47. Rc6+ f6 48. Kg2 Ra2 49. Rc3 Rb2 50.
Rc4 Ra2 51. Rf4 1/2-1/2

[Event "Early-Titled-Tuesday-Blitz-July-09-2024"]
[Site "Chess.com"]
[Date "2024.07.09"]
[Round "6"]
[White "Crazy_girl99"]
[Black "TioCridineno"]
[Result "1-0"]
[WhiteElo "2634"]
[BlackElo "2425"]
[TimeControl "180+1"]
[EndTime "9:09:21 PDT"]
[Termination "Crazy_girl99 won by resignation"]

1. e4 c5 2. Nf3 Nc6 3. Bb5 Nf6 4.
Nc3 g6 5. O-O Bg7 6. Re1 Nd4 7.
Nxd4 cxd4 8. Nd5 Nxd5 9. exd5 O-O 10. Qf3 Qb6 11. Bf1 e6 12. d3 Qc5 13. Bf4 a5 14.
Qg3 Qxd5 15. Be2 e5 16. Bd2 d6 17. c4 dxc3 18. Bxc3 Bf5 19. Bf3 Qxd3 20. Rad1 Qb5 21. Rxd6 Rfd8 22. Rxd8+ Rxd8 23. h4 Rd3 24. h5 Bf6 25. h6 Kf8 26. a4 Qc5 27. Qh2 b5 28. axb5 a4 29. b6 Qxb6 30. Bxe5 Rd8 31. Bc7 Qb4 32. Rf1 Rd3 33. Be5 Qb6 34. Qf4 Bxe5 35.
Qxe5 Qd6 36. Qg7+ Ke7 37. Re1+ Be6 38. Qxh7 Qf4 39. Qg7 Qd4 40. Qxd4 Rxd4 41. g3 Rd8 42. Re4 Rh8 43. Rh4 f6 44. h7 Kf7 45. Rxa4 Rxh7 46.
Ra7+ Kg8 47. Rxh7 Kxh7 48. b4 Kg7 49. b5 Bc8 50. b6 f5 51. b7 Bxb7 52. Bxb7 Kf6 53. f4 g5 54. Kf2 Ke6 55. Ke3 gxf4+ 56.
Kxf4 Kf6 57. Bc8 Ke7 58. Bxf5 1-0

[Event "Early-Titled-Tuesday-Blitz-July-09-2024"]
[Site "Chess.com"]
[Date "2024.07.09"]
[Round "6"]
[White "Aragon"]
[Black "Massakru"]
[Result "0-1"]
[WhiteElo "2166"]
[BlackElo "2380"]
[TimeControl "180+1"]
[EndTime "9:09:21 PDT"]
[Termination "Massakru won on time"]

1. e4 g6 2. d4 Bg7 3. Nc3 d5 4. exd5 Nf6 5. Bb5+ Nbd7 6. Nge2 a6 7. Ba4 b5 8. Bb3 Nb6 9. Bg5 Nfxd5 10. Nxd5 Nxd5 11. O-O Bb7 12. Re1 O-O 13. c3 Qd6 14. Bh4 Rae8 15. Bg3 Qc6 16. Bxd5 Qxd5 17. Nf4 Qc6 18. f3 e5 19.
dxe5 Bxe5 20. Nd3 Bg7 21. Qc2 a5 22. Be5 Bh6 23. Qf2 Qd5 24. Bd4 Rd8 25. a3 Qf5 26. Nc5 Bc8 27. Ne4 Bg7 28. Rad1 Be6 29. Rd2 Bd5 30.
Bxg7 Kxg7 31. Qd4+ f6 32. Ng3 Qg5 33. f4 Qh4 34. Re7+ Bf7 35. Qe3 Rxd2 36. Qxd2 Re8 37.
Rxe8 Bxe8 38. Qe3 Bf7 39. Ne4 Qg4 40. g3 Qd1+ 41. Kg2 Bd5 42. Kf2 Qh1 43. Nc5 Qxh2+ 44. Ke1 Qh1+ 45. Kd2 Qg2+ 46. Ke1 h5 47. Qe7+ Kh6 48.
Qf8+ Kh7 49. Qe7+ Kg8 50. Qd8+ Kg7 51. Qxc7+ Bf7 52. Ne6+ Kg8 53. Qd8+ Kh7 54. Qe7 Qxg3+ 55. Kf1 Qf3+ 56. Kg1 Qe3+ 57. Kh2 Qxe6 0-1

[Event "Early-Titled-Tuesday-Blitz-July-09-2024"]
[Site "Chess.com"]
[Date "2024.07.09"]
[Round "6"]
[White "EdenDzung06"]
[Black "Puzzlebot_1294"]
[Result "0-1"]
[WhiteElo "2471"]
[BlackElo "2683"]
[TimeControl "180+1"]
[EndTime "9:09:23 PDT"]
[Termination "Puzzlebot_1294 won by resignation"]

1. d4 Nf6 2. Nf3 e6 3. c4 Bb4+ 4. Bd2 Qe7 5. g3 Nc6 6. Bg2 Bxd2+ 7. Nbxd2 d6 8. e4 e5 9. d5 Nb8 10. O-O a5 11. Ne1 O-O 12. Nd3 Na6 13. f4 Bg4 14.
Bf3 Bh3 15. Bg2 Bxg2 16. Kxg2 exf4 17. Rxf4 Nd7 18. Qh5 g6 19. Qh6 Nac5 20. Nxc5 Nxc5 21. Raf1 Qe5 22. Rf6 Nxe4 23. Nxe4 Qxe4+ 24. Kh3 Qe5 25. R1f4 Qh5+ 26. Qxh5 gxh5 27. Kh4 Rae8 28. Kxh5 Kg7 29. g4 Re5+ 30. g5 Re2 31. h4 Rxb2 32. Rd4 Rxa2 33.
Re4 Rc2 34. Rf3 c6 35. dxc6 bxc6 36. Rd4 Rd8 37. c5 Rxc5 38. Kg4 d5 39. Rdd3 Rc4+ 40.
Kf5 Rxh4 41. Ra3 a4 42. Ke5 Re8+ 43. Kf5 Re6 44. Rf4 Rxf4+ 45. Kxf4 Re4+ 46. Kf5 h6 47. Rc3 hxg5 48. Kxg5 Re6 49. Rg3 Rg6+ 50. Kf5 Rxg3 0-1

[Event "Early-Titled-Tuesday-Blitz-July-09-2024"]
[Site "Chess.com"]
[Date "2024.07.09"]
[Round "6"]
[White "bubeliang"]
[Black "2Coaches1Profile"]
[Result "1/2-1/2"]
[WhiteElo "2815"]
[BlackElo "2594"]
[TimeControl "180+1"]
[EndTime "9:09:24 PDT"]
[Termination "Game drawn by stalemate"]

1. e4 Nf6 2. Nc3 d5 3. e5 Nfd7 4. Nxd5 Nxe5 5. Ne3 c5 6. Nf3 Nbc6 7. Bb5 Bd7 8. Nxe5 Nxe5 9. Bxd7+ Nxd7 10. O-O e6 11.
Qf3 Qc7 12. d3 Bd6 13. g3 O-O 14. Nc4 Ne5 15. Nxe5 Bxe5 16. Be3 b6 17. c3 Rad8 18.
Rad1 Rd5 19. d4 cxd4 20. cxd4 Bf6 21. Bf4 Qd7 22. Be5 Bxe5 23. dxe5 Rd8 24. Rxd5 Qxd5 25. Qxd5 Rxd5 26. Rc1 g5 27. Rc7 a5 28. Rb7 Rb5 29. b3 Kg7 30. g4 Kg6 31. h3 Rb4 32.
Kg2 a4 33. bxa4 Rxa4 34. Rxb6 Rxa2 35. Rb5 Ra4 36. Kg3 Rf4 37. h4 h5 38. f3 Rd4 39.
gxh5+ Kxh5 40. hxg5 Kxg5 41. Rb7 Kg6 42. f4 Rd3+ 43. Kg4 Rd4 44. Rb8 f5+ 45. Kf3 Rd3+ 46. Ke2 Ra3 47. Rb6 Kh5 48. Rxe6 Kg4 49. Re8 Kxf4 50.
e6 Ke5 51. Kf2 Ra7 52. Kf3 Kf6 53. Kf4 Re7 54. Rh8 Rxe6 55. Rh6+ Kf7 56. Rh7+ Kf6 57.
Rh6+ Kf7 58. Rxe6 Kxe6 59. Kf3 Ke5 60. Ke3 f4+ 61. Kf3 Kf5 62. Kf2 Kg4 63. Kg2 f3+ 64. Kf2 Kf4 65. Kf1 Ke4 66. Kf2 Kf4 67. Kf1 Kg5 68.
Kf2 Kg4 69. Kf1 Kg3 70. Kg1 f2+ 71. Kf1 Kf3 1/2-1/2

[Event "Early-Titled-Tuesday-Blitz-July-09-2024"]
[Site "Chess.com"]
[Date "2024.07.09"]
[Round "6"]
[White "bilosuvenosu06"]
[Black "GelmanAlexander"]
[Result "1-0"]
[WhiteElo "2564"]
[BlackElo "2718"]
[TimeControl "180+1"]
[EndTime "9:09:24 PDT"]
[Termination "bilosuvenosu06 won on time"]

1. d4 c5 2. d5 Nf6 3. c4 b5 4.
cxb5 a6 5. b6 d6 6. Nc3 Nbd7 7.
Nf3 g6 8. e4 Bg7 9. h3 O-O 10.
Be2 Nxb6 11. Be3 Re8 12. O-O Bb7 13. Nd2 e6 14. dxe6 Rxe6 15. Bf3 Nfd7 16. Qc2 Qh4 17. a4 a5 18. Rfd1 Rae8 19. Nb5 d5 20. e5 Rxe5 21.
Nd6 Rb8 22. Bxc5 Bf8 23. Nxb7 Rxb7 24. Bxf8 Kxf8 25. Re1 Rxe1+ 26. Rxe1 Qxa4 27. Qc3 d4 28. Qc1 Rb8 29. Qc7 Qb4 30. Rd1 Rc8 31. Qf4 Kg7 32. Ne4 Qxb2 33. Nd6 Rf8 34. Rxd4 a4 35. Bc6 a3 36.
Rb4 Qa1+ 37. Kh2 a2 38. Bxd7 Qf6 39. Qxf6+ Kxf6 40. Rxb6 a1=Q 41. Ne4+ Ke7 42. Bg4 Qe5+ 43. Ng3 Rb8 44. Rb3 Rxb3 45. f3 h5 46. Bf5 gxf5 47.
h4 1-0

[Event "Early-Titled-Tuesday-Blitz-July-09-2024"]
[Site "Chess.com"]
[Date "2024.07.09"]
[Round "6"]
[White "PositionalPanther"]
[Black "karinachess1"]
[Result "1-0"]
[WhiteElo "2513"]
[BlackElo "2676"]
[TimeControl "180+1"]
[EndTime "9:09:24 PDT"]
[Termination "PositionalPanther won on time"]

1. e4 e5 2. Nf3 Nc6 3. Bc4 Nf6 4. d3 h6 5. c3 d6 6. Nbd2 g5 7. h4 g4 8. Ng1 Bg7 9. Ne2 d5 10. Bb5 O-O 11. Ng3 a6 12. Ba4 Be6 13. Qe2 b5 14. Bc2 d4 15. a3 Qd7 16. Bb3 Ne7 17.
Bxe6 fxe6 18. Nb3 Ng6 19. Nc5 Qd6 20. b4 dxc3 21. Qa2 Rae8 22. Nf5 Qc6 23. Nxg7 Kxg7 24. g3 h5 25. Be3 Nd7 26. Rc1 Nxc5 27. Bxc5 Rf3 28.
Rxc3 Qd7 29. Be3 c6 30. Qe2 Ref8 31. Kd2 Ne7 32. Rhc1 Kg6 33. Ke1 Rc8 34. R1c2 Ng8 35. Qd1 Ne7 36. Qc1 Rcf8 37. Bc5 R3f6 38. Be3 Rc8 39.
Rc5 Qd6 40. Ke2 Rf3 41. Qb2 Rd8 42. Rd2 Rd7 43. Rxe5 Kf7 44. Rxh5 e5 45. Rh7+ Ke8 46. Rh8+ Kf7 47. Qb3+ 1-0

[Event "Early-Titled-Tuesday-Blitz-July-09-2024"]
[Site "Chess.com"]
[Date "2024.07.09"]
[Round "6"]
[White "Chesstiger64"]
[Black "JoJoZP"]
[Result "1-0"]
[WhiteElo "2380"]
[BlackElo "2492"]
[TimeControl "180+1"]
[EndTime "9:09:24 PDT"]
[Termination "Chesstiger64 won by checkmate"]

1. d4 d5 2. Nf3 Nf6 3. e3 e6 4. c3 Bd6 5. Bd3 O-O 6. Nbd2 c5 7. O-O Nc6 8. dxc5 Bxc5 9. e4 dxe4 10. Nxe4 Nxe4 11.
Bxe4 h6 12. Qe2 Bd7 13. Bf4 Qf6 14. Bg3 Rad8 15. Rfd1 Bc8 16. Bc7 Rxd1+ 17. Rxd1 Qe7 18. Bf4 Re8 19. Bxc6 bxc6 20. Ne5 Qf6 21. Bg3 Rd8 22. Nxc6 Rxd1+ 23. Qxd1 Bb7 24. Qd7 Qf5 25. h3 Qb1+ 26. Kh2 Qxb2 27. Nd8 Be4 28. Qxf7+ Kh7 29. Nxe6 Qxc3 30.
Qc7 Bb4 31. Qf4 Bb1 32. Nf8+ Bxf8 33. Qxf8 Bxa2 34. Qf5+ Kg8 35. Be5 Qc6 36. Qg4 Qb7 37. Qd4 Qf7 38. f4 Kh7 39. Qd3+ Kg8 40. Qa3 Be6 41. g4 g6 42. Qd6 h5 43. Qb8+ Qf8 44. Qxa7 hxg4 45. hxg4 Bxg4 46. Kg3 Be6 47. Qc7 Qf5 48.
Qg7# 1-0

[Event "Early-Titled-Tuesday-Blitz-July-09-2024"]
[Site "Chess.com"]
[Date "2024.07.09"]
[Round "6"]
[White "luggevoila"]
[Black "ImportedItalianMaple"]
[Result "1/2-1/2"]
[WhiteElo "2324"]
[BlackElo "2473"]
[TimeControl "180+1"]
[EndTime "9:09:24 PDT"]
[Termination "Game drawn by repetition"]

1. e4 g6 2. Nc3 Bg7 3. f4 c5 4.
Nf3 Nc6 5. a3 e6 6. e5 d6 7.
exd6 Qxd6 8. d3 Nh6 9. Be2 O-O 10. O-O b6 11. Ne4 Qc7 12. Qe1 Bb7 13. c3 Rad8 14. Bd2 Ba6 15. Nf2 Rd7 16. Rd1 Rfd8 17. Bc1 Nf5 18.
Kh1 e5 19. fxe5 Nxe5 20. Nxe5 Bxe5 21. Ng4 Bg7 22. Bg5 Re8 23. Qf2 Qd6 24. Rde1 h5 25.
Ne3 Nxe3 26. Bxe3 Bxd3 27. Bxd3 Qxd3 28. Bg5 Rxe1 29. Rxe1 Kh7 30. h3 Qf5 31. Qxf5 gxf5 32. Bf4 Kg6 33. Kg1 Bf6 34. Kf2 Bh4+ 35. g3 Bf6 36.
Kf3 h4 37. gxh4 Bxh4 38. Re8 Bf6 39. Rg8+ Bg7 40. Rc8 Rd3+ 41. Kf2 Rxh3 42. Rc7 Rh4 43. Kf3 Rh3+ 44. Kf2 Rh4 45. Kf3 a5 46. Rb7 Rh3+ 47.
Kf2 Rh4 48. Kf3 Rh3+ 49. Kf2 Rh4 50. Kf3 1/2-1/2

[Event "Early-Titled-Tuesday-Blitz-July-09-2024"]
[Site "Chess.com"]
[Date "2024.07.09"]
[Round "6"]
[White "Barbix1"]
[Black "GilbertoHernandezAmura"]
[Result "0-1"]
[WhiteElo "2368"]
[BlackElo "2515"]
[TimeControl "180+1"]
[EndTime "9:09:25 PDT"]
[Termination "GilbertoHernandezAmura won on time"]

1. d4 Nf6 2. c4 e6 3. Nf3 c5 4.
d5 exd5 5. cxd5 d6 6. Nc3 g6 7. Nd2 Bg7 8. e4 O-O 9. Be2 Nbd7 10. O-O Qe7 11. a4 b6 12. Ra3 a6 13. h3 Rb8 14.
f4 Ne8 15. Bd3 Bd4+ 16. Kh1 Nc7 17. Qf3 b5 18. axb5 Nxb5 19. Nxb5 axb5 20. Ra7 Qf6 21. e5 dxe5 22. Ne4 Qd8 23. f5 Bb7 24. Bg5 f6 25. Bh6 Qb6 26. Ra2 Bxd5 27. fxg6 Bxa2 28. Qg4 Rf7 29.
gxf7+ Kxf7 30. Qg7+ Ke6 31. Ng3 Kd6 32. Bf5 Be6 33.
Ne4+ Kd5 34. Nxf6+ Nxf6 35. Qxf6 Bxf5 36. Qxf5 Qe6 37. Qf3+ Kd6 38. Rd1 Qxh6 39. b4 Qf4 40. Qh5 Rf8 41. Qxh7 cxb4 42. Qg6+ Rf6 43. Qe8 b3 44.
Qb8+ Ke7 45. Qc7+ Ke6 46. Qc8+ Kf7 47. Qd7+ Kg6 48. Qe8+ Kg7 49. Qe7+ Rf7 50. Qe6 b2 51.
Qb3 Qf1+ 52. Rxf1 Rxf1+ 53. Kh2 b1=Q 0-1

[Event "Early-Titled-Tuesday-Blitz-July-09-2024"]
[Site "Chess.com"]
[Date "2024.07.09"]
[Round "6"]
[White "djano"]
[Black "MetiForce"]
[Result "0-1"]
[WhiteElo "2612"]
[BlackElo "2840"]
[TimeControl "180+1"]
[EndTime "9:09:26 PDT"]
[Termination "MetiForce won on time"]

1. Nf3 Nf6 2. g3 g6 3. b3 Bg7 4.
Bb2 O-O 5. Bg2 c5 6. O-O Nc6 7. d4 Ne4 8. Nbd2 d5 9. e3 a5 10. Nxe4 dxe4 11. Ne5 Nxe5 12. dxe5 Qc7 13. Qd5 Bf5 14.
Bxe4 Bxe4 15. Qxe4 e6 16. a4 Rfd8 17. Rad1 Rac8 18. Rd3 Rxd3 19. cxd3 Rd8 20. Rc1 Qe7 21. Ba3 Qd7 22. Rc3 b6 23. h4 h5 24. Kg2 Bf8 25.
Bb2 b5 26. axb5 Qxb5 27. Ba3 Rd5 28. f4 Qd7 29. Kf3 Kh7 30. g4 hxg4+ 31. Kxg4 Kh6 32.
Bc1 Be7 33. Bd2 Qe8 34. Be1 Qh8 35. d4 cxd4 36. exd4 Kg7 37. Kh3 Bb4 38. Re3 Bxe1 39. Rxe1 Qb8 40. Re3 Qc7 41. Qd3 Qc1 42. Kg2 Rd8 43.
Qc3 Qd1 44. Qd3 Qg4+ 45. Rg3 Qxh4 46. Qe4 Rc8 47. Rh3 Qg4+ 48. Rg3 Qd1 0-1